 Dungeon Crawl Stone Soup version 0.28-a0-10-g964c8b829e (webtiles) character file.

Game seed: 2143657895512807510

410 bande the Shield-Bearer (level 6, -4/38 HPs)
             Began as a Gargoyle Fighter on July 25, 2021.
             Slain by a wight (9 damage)
             ... on level 4 of the Dungeon.
             The game lasted 00:06:19 (3624 turns).

bande the Shield-Bearer (Gargoyle Fighter)          Turns: 3624, Time: 00:06:19

Health: -4/38      AC: 13    Str: 21    XL:     6   Next: 89%
Magic:  6/6        EV:  6    Int:  8    God:
Gold:   177        SH:  9    Dex: 10    Spells: 5/5 levels left

rFire   + + .      SeeInvis .   a - +1 war axe
rCold   . . .      Faith    .   c - +0 kite shield
rNeg    + + .      Spirit   .   i - +0 chain mail
rPois   ∞          Reflect  .   b - +0 hat "Annihem" {Contam rF++ rN+ Stlth+}
rElec   +          Harm     .   (no cloak)
rCorr   .          Rampage  .   (no gloves)
Will    .....                   (no boots)
Stlth   ..........              (no amulet)
HPRegen 0.12/turn               (no ring)
MPRegen 0.10/turn               (no ring)

@: brilliant
A: sickness immunity, AC +4, negative energy resistance 1, electricity
resistance, torment resistance 1, petrification resistance
a: no special abilities


You were on level 4 of the Dungeon.
You visited 1 branch of the dungeon, and saw 4 of its levels.

You collected 177 gold pieces.

Inventory:

Hand Weapons
 a - a +1 war axe (weapon)
Missiles
 h - 2 throwing nets (quivered)
Armour
 b - the +0 hat "Annihem" (worn) {Contam rF++ rN+ Stlth+}
   (You acquired it on level 3 of the Dungeon)

   rF:        It greatly protects you from fire.
   rN:        It protects you from negative energy.
   Contam:    It causes magical contamination when unequipped.
   Stlth:     It makes you more stealthy.
 c - a +0 kite shield (worn)
 i - a +0 chain mail (worn)
Wands
 g - a wand of charming (8)
Scrolls
 f - a scroll of teleportation
 j - a scroll of amnesia {unknown}
 k - a scroll of identify {unknown}
Potions
 e - a potion of flight


   Skills:
 + Level 4.1 Fighting
 + Level 4.3 Axes
 + Level 4.2 Armour
 + Level 1.0 Dodging
 + Level 4.3 Shields
 * Level 1.8 Evocations


You had 5 spell levels left.
You didn't know any spells.
Your spell library contained the following spells:

 Spells                   Type           Power      Damage    Failure   Level
 Magic Dart               Conj           0%         1d3       100%        1
 Call Imp                 Summ           0%         N/A       100%        2
 Gell's Gravitas          Tloc           0%         N/A       100%        3
 Lesser Beckoning         Tloc           0%         N/A       100%        3
 Mephitic Cloud           Conj/Pois/Air  0%         N/A       100%        3
 Teleport Other           Tloc           0%         N/A       100%        3
 Summon Ice Beast         Ice/Summ       0%         N/A       100%        4
 Summon Mana Viper        Hex/Summ       0%         N/A       100%        5
 Monstrous Menagerie      Summ           0%         N/A       100%        7


Dungeon Overview and Level Annotations

Branches:
Dungeon (4/15)
 Temple: D:4-7

Altars:
Kikubaaqudgha
Ru


Innate Abilities, Weirdness & Mutations

You are immune to sickness and miasma.
Your stone body is resilient. (AC +4)
You are immune to poison.
You resist negative energy. (rN+)
You are resistant to electric shocks. (rElec)
You are resistant to unholy torment.
You are immune to petrification.


Message History

Unknown command.
You barely miss the wight.
The wight is severely damaged.
You closely miss the goblin. The wight barely misses you.
The wight hits you from afar with a +0 spear.
You block the goblin's attack.
You hear a distant slurping noise.
You block the wight's attack.
You closely miss the wight.
The wight is severely damaged.
You barely miss the goblin. The wight barely misses you.
You block the goblin's attack.
The wight hits you but does no damage. x2
The goblin hits you but does no damage.
You barely miss the wight.
The wight is severely damaged.
You closely miss the goblin.
The wight hits you but does no damage. x2
The goblin hits you with a +0 club.
* * * LOW HITPOINT WARNING * * *
You block the wight's attack.
Unknown command.
Your chain mail prevents you from hitting the wight.
The wight is severely damaged.
You barely miss the goblin. The wight barely misses you.
You block the goblin's attack. You block the wight's attack. x2
The goblin hits you but does no damage.
You closely miss the wight.
The wight is severely damaged.
You slash the goblin!
You kill the goblin!
You block the wight's attack. The wight barely misses you.
The goblin hits you but does no damage. The wight hits you but does no damage.
Unknown command.
You closely miss the wight.
The wight is heavily damaged.
You closely miss the goblin.
The wight hits you from afar with a +0 spear!
* * * LOW HITPOINT WARNING * * *
You block the wight's attack. You block the goblin's attack.
The wight hits you with a +2 short sword of venom!
You die...

.......>.
.........#
#.........#
..........#
.........#
........z#######
#......g.Z.z.#
#........###z#
#../....Zzzg@#
#..).....#####
#........#
#........#
#........#
#........#
##########


You could see 4 wights, a goblin and a water moccasin skeleton.

Vanquished Creatures
  Sigmund (D:3)
  Terence (D:2)
  A centaur skeleton (D:3)
  Jessica (D:2)
  Natasha (thrice) (D:3)
  An adder (D:3)
  An adder zombie (D:2)
  A worm (D:3)
  A dart slug (D:1)
  5 orcs (D:3)
  A ball python (D:3)
  5 bats
  2 bat zombies (D:2)
  6 endoplasms
  3 giant cockroaches
  A goblin (D:4)
  7 hobgoblins
  7 jackals
  6 kobolds
  3 quokkas
  A ball python skeleton (D:2)
  3 frilled lizards
  A jackal skeleton (D:2)
  4 rats
66 creatures vanquished.

Vanquished Creatures (others)
  4 withered plants (D:2)
4 creatures vanquished.

Grand Total: 70 creatures vanquished

Notes
Turn   | Place    | Note
-------+----------+-------------------------------------------
     0 | D:1      | bande the Gargoyle Fighter began the quest for the Orb.
     0 | D:1      | Reached XP level 1. HP: 14/14 MP: 1/1
    10 | D:1      | Noticed an electric eel
   212 | D:1      | Reached XP level 2. HP: 19/19 MP: 2/2
   548 | D:1      | Found a faded altar of an unknown god.
   714 | D:1      | Reached XP level 3. HP: 24/24 MP: 3/3
  1237 | D:2      | Noticed Jessica
  1243 | D:2      | Killed Jessica
  1244 | D:2      | Reached XP level 4. HP: 28/29 MP: 4/4
  1287 | D:2      | Noticed Terence
  1297 | D:2      | Killed Terence
  2033 | D:3      | Reached XP level 5. HP: 26/33 MP: 5/5
  2160 | D:3      | Noticed Sigmund
  2172 | D:3      | Killed Sigmund
  2173 | D:3      | Reached skill level 1 in Dodging
  2173 | D:3      | Reached skill level 1 in Evocations
  2173 | D:3      | Reached XP level 6. HP: 13/38 MP: 6/6
  2647 | D:3      | Found an ancient bone altar of Kikubaaqudgha.
  2887 | D:3      | Noticed Natasha
  2897 | D:3      | Killed Natasha
  3137 | D:3      | Noticed Natasha
  3146 | D:3      | Killed Natasha
  3347 | D:3      | Found a sacrificial altar of Ru.
  3413 | D:3      | Identified a scroll of acquirement
  3413 | D:3      | Acquired the +0 hat "Annihem" {Contam rF++ rN+ Stlth+}
  3538 | D:3      | Noticed Natasha
  3547 | D:3      | Killed Natasha
  3624 | D:4      | Slain by a wight

Illustrated notes

Levels and vault maps discovered:
D:1:      arrival_aquarium_a, layout_loops_corners,
          hellmonk_ecumenical_altar_lost_god
D:2:      layout_basic, serial_undead, serial_undead_b, serial_undead_f,
          serial_undead_c, serial_undead_d, serial_undead_e, uniq_jessica,
          uniq_terence
D:3:      minmay_evil_eye, layout_loops_ring, nicolae_ru_awakened_eye,
          lemuel_tele_altar, uniq_natasha, uniq_sigmund
D:4:      layout_basic, kennysheep_little_box, kennysheep_generic_room_8,
          uniq_blork_the_orc, uniq_robin

Skill      XL: |  1  2  3  4  5 |
---------------+----------------+-----
Axes           | 2 3 4 |  4.3
Fighting       | 4 |  4.1
Armour         | 4 |  4.2
Dodging        | 1 |  1.0
Shields        | 4 |  4.3
Evocations     | 1 |  1.8

Action                   |  1- 3 |  4- 6 || total
-------------------------+-------+-------++-------
Melee: War axe           |    69 |   153 ||   222
  Use: Scroll            |     2 |     3 ||     5
       Potion            |     1 |     4 ||     5
Armor: Scale mail        |    56 |    41 ||    97
       Chain mail        |       |    58 ||    58
Dodge: Dodged            |    29 |    47 ||    76
Block: Kite shield       |    47 |    85 ||   132

Table legend: (Time is in decaauts)
 A = Elapsed time spent in this place.
 B = Non-inter-level travel time spent in this place.
 C = Inter-level travel time spent in this place.
 D = Time resting spent in this place.
 E = Time spent auto-exploring this place.
 F = Levels seen in this place.
 G = Mean time per level.
                   A        B        C        D        E       F      G
               +--------+--------+--------+--------+--------+-----+--------+
         Total |   3750 |   3716 |     34 |    837 |   2251 |   4 |  937.5 |
       Dungeon |   3750 |   3716 |     34 |    837 |   2251 |   4 |  937.5 |
               +--------+--------+--------+--------+--------+-----+--------+

Top non-repeatable levels by time:
     D:3: 1658 daAuts
     D:1: 1158 daAuts
     D:2: 890 daAuts
     D:4: 44 daAuts
